Map: Frostline LE

Players

Bob

  • Race: Zerg Zerg
  • League: Platinum
  • Spawn Location: 1:00

Polybius - Winner!

  • Race: Terran Terran
  • League: Platinum
  • Spawn Location: 7:00

VOD

Have the link to the VOD?

Description

Time

  • Played on: Feb. 22, 2025, 8:24 p.m.
  • Length: 18:12
Show
View Real Time Build Order
Export as new Build Order

Bob Zerg 

Build Orders: Hatch First 

Get SALT Encoding   

  12  0:00  Drone  
  13  0:09  Drone  
  14  0:15  Extractor, Drone  
  15  0:21  Overlord  
  15  0:41  Drone  
  16  0:47  Hatchery  
  15  0:51  Drone  
  15  0:55  Drone  
  17  0:58  Drone  
  18  1:09  Extractor  
  17  1:15  Spawning Pool  
  16  1:18  Drone  
  16  1:22  Drone  
  18  1:27  Drone  
  19  1:37  Overlord  
  19  1:51  Drone  
  20  2:06  Drone x2  
  22  2:11  Queen x2  
  22  2:14  Drone x2  
  28  2:18  Metabolic Boost  
  28  2:23  Drone x2  
  30  2:32  Drone  
  30  2:33  Drone  
  32  2:43  Baneling Nest, Drone  
  33  2:44  Drone  
  33  2:59  Drone  
  33  3:03  Spine Crawler  
  33  3:09  Zergling x2  
  33  3:10  Zergling x4  
  36  3:17  Overlord x2  
  36  3:19  Overlord  
  36  3:38  Zergling x12  
  42  3:57  Baneling x6  
  42  3:58  Zergling x12  
  42  4:00  Zergling x4  
  42  4:02  Zergling x2  
  51  4:11  Spore Crawler  
  51  4:13  Hatchery, Spore Crawler  
  51  4:14  Drone x2  
  44  4:43  Drone x3  
  44  4:44  Drone x8  
  54  4:53  Drone  
  54  4:56  Queen  
  59  5:05  Lair  
  57  5:10  Drone x2  
  57  5:12  Extractor, Overlord x2  
  58  5:16  Extractor  
  58  5:18  Extractor  
  56  5:30  Spore Crawler  
  56  5:33  Drone x2  
  55  5:44  Evolution Chamber  
  55  5:46  Evolution Chamber  
  53  5:55  Drone x3  
  53  5:56  Roach Warren, Drone x2  
  53  5:57  Drone  
  58  5:58  Drone  
  58  5:59  Drone  
  60  6:07  Overseer, Spire  
  59  6:14  Zerg Missile Weapons Level 1  
  48  7:18  Drone  
  48  7:19  Drone x4  
  53  7:24  Roach x13  
  79  7:45  Corruptor  
  79  7:47  Overlord x3  
  81  7:57  Queen  
  81  7:58  Glial Reconstitution  
  80  8:11  Drone x3  
  83  8:15  Queen  
  83  8:17  Corruptor  
  83  8:18  Corruptor x4  
  95  8:25  Baneling x2  
  95  8:51  Evolution Chamber  
  56  9:53  Roach x5  
  56  9:55  Roach x3  
  72  10:03  Zerg Missile Weapons Level 2  
  72  10:13  Zergling x6  
  72  10:14  Zergling x8  
  79  10:29  Roach x2  
  79  10:30  Overlord x2  
  79  10:31  Overlord x2  
  83  10:53  Spine Crawler  
  83  10:54  Hatchery  
  83  10:56  Roach x5  
  95  10:57  Roach x2  
  95  10:58  Hatchery  
  95  11:00  Zerg Ground Armor Level 1  
  93  11:07  Hatchery  
  86  11:44  Drone x4  
  86  11:45  Drone  
  91  11:53  Spore Crawler  
  90  12:00  Roach x3  
  90  12:01  Roach  
  98  12:05  Hydralisk Den  
  97  12:13  Overlord x3  
  97  12:21  Zergling x18  
  97  12:22  Zergling x10  
  111  12:25  Overlord x2  
  95  12:55  Roach x4  
  95  12:56  Roach x3  
  71  13:14  Zergling x30  
  82  13:33  Baneling  
  80  13:34  Baneling x4  
  80  13:35  Baneling x3  
  80  13:39  Drone x3  
  83  13:52  Centrifugal Hooks  
  83  14:01  Zergling x20  
  93  14:07  Roach x2  
  93  14:09  Hatchery  
  92  14:13  Drone x8  
  100  14:22  Ravager  
  100  14:23  Ravager  
  102  14:27  Baneling x4  
  102  14:28  Baneling x3  
  100  14:34  Extractor  
  99  14:45  Drone  
  99  14:46  Drone x2  
  99  14:48  Extractor, Drone x2  
  99  14:49  Drone x3  
  106  14:55  Zerg Ground Armor Level 2  
  90  15:18  Hatchery, Corruptor x6  
  89  15:24  Zergling x10  
  93  15:32  Drone x5  
  98  15:45  Spore Crawler  
  98  15:49  Drone, Spore Crawler x2  
  97  15:50  Drone x4  
  83  16:07  Zergling x18  
  83  16:10  Roach  
  74  16:24  Zergling x16  
  81  16:26  Baneling x3  
  81  16:28  Zergling x2  
  82  16:33  Corruptor  
  84  16:51  Baneling x7  
  84  16:55  Mutalisk x4  
  86  17:04  Zergling x10  
  77  17:32  Roach x10  
  77  17:36  Corruptor  
Show
View Real Time Build Order
Export as new Build Order

Polybius Terran - Winner!

Build Orders:  

Get SALT Encoding   

  12  0:00  SCV  
  13  0:12  SCV  
  14  0:17  Supply Depot  
  14  0:25  SCV  
  15  0:39  SCV  
  15  0:41  Barracks  
  16  0:51  SCV  
  17  1:03  SCV  
  18  1:15  SCV  
  19  1:27  SCV  
  20  1:33  Command Center  
  20  1:34  Supply Depot  
  20  1:39  Refinery  
  20  1:47  Orbital Command  
  20  2:12  Refinery  
  20  2:15  Barracks  
  20  2:22  SCV  
  21  2:33  Barracks Reactor  
  21  2:34  SCV  
  22  2:42  Supply Depot  
  22  2:44  Supply Depot x2  
  22  2:46  SCV  
  22  2:48  Orbital Command  
  23  2:56  Factory  
  23  3:00  SCV  
  23  3:05  Barracks Tech Lab  
  24  3:14  SCV x2  
  24  3:16  Marine x2  
  28  3:26  SCV x2, Marine  
  31  3:31  Supply Depot  
  31  3:32  Supply Depot  
  31  3:47  SCV x2  
  33  3:54  Starport  
  33  3:56  Stimpack  
  33  3:59  SCV  
  33  4:00  SCV, Hellion x2  
  39  4:07  Barracks Reactor  
  39  4:11  SCV  
  39  4:12  SCV  
  39  4:13  Marauder  
  43  4:24  SCV x2  
  45  4:26  Engineering Bay  
  45  4:27  Engineering Bay  
  47  4:31  Hellion x2  
  47  4:33  Starport Reactor  
  47  4:36  SCV x2  
  27  4:52  Marine  
  27  4:53  Marine x2  
  29  5:02  Hellion x2  
  33  5:10  Marine  
  33  5:11  Liberator x2, Marine  
  41  5:15  Marine  
  41  5:17  SCV  
  43  5:21  Orbital Command  
  43  5:28  Marine  
  43  5:29  SCV  
  43  5:34  Marauder  
  47  5:41  SCV  
  48  5:48  Marine x2  
  54  5:50  SCV, Hellion x2  
  54  5:53  SCV  
  54  5:54  Marine  
  57  6:04  SCV  
  57  6:05  SCV  
  59  6:16  SCV, Marine x3  
  59  6:18  SCV, Hellion  
  66  6:28  SCV  
  66  6:30  SCV  
  68  6:35  Marauder  
  70  7:07  SCV  
  59  7:16  Marine x3  
  59  7:18  Hellion x2  
  64  7:24  Medivac x2  
  64  7:26  Terran Infantry Weapons Level 1  
  64  7:27  SCV, Terran Infantry Armor Level 1  
  64  7:28  SCV  
  70  7:50  Supply Depot  
  70  8:12  SCV, Marauder, Hellion x2, Marine  
  78  8:13  Supply Depot  
  78  8:22  Supply Depot  
  78  8:25  Supply Depot  
  78  8:34  Command Center  
  78  8:35  SCV x2, Command Center, Marine x2, Medivac x2  
  86  8:44  Marauder, Hellion x2  
  86  8:47  SCV x2  
  94  8:53  Marine x2  
  96  8:59  SCV x2  
  98  9:05  Hellion x2  
  98  9:07  Viking  
  98  9:08  Viking, Marauder  
  102  9:11  Marine x2  
  102  9:13  SCV x2  
  94  9:27  SCV  
  94  9:28  SCV  
  94  9:29  Marine x2, Marauder  
  90  9:37  Viking  
  83  9:38  Viking  
  77  9:47  Marine x2  
  77  9:50  Marine  
  72  10:05  Marine x2  
  74  10:08  Marine  
  75  10:23  Marine x2  
  75  10:25  Marine, Hellion  
  75  10:26  Hellion  
  82  10:38  Orbital Command  
  82  10:41  Marine x2  
  84  10:43  Marine  
  84  10:47  Hellion x2  
  89  10:55  Medivac x2  
  93  10:58  Marine x2  
  93  11:01  Marine  
  96  11:08  Widow Mine x2  
  100  11:16  Marine x2  
  92  11:19  Marine  
  92  11:20  Orbital Command  
  92  11:24  SCV  
  92  11:25  Medivac  
  96  11:30  Widow Mine  
  98  11:33  SCV x2  
  98  11:36  SCV  
  98  11:39  Armory x2  
  101  11:41  Factory  
  101  11:42  Refinery  
  101  11:46  Refinery, Marine x3  
  104  11:47  Refinery  
  104  11:49  SCV x2  
  104  11:50  SCV x2, Factory  
  108  12:00  Hellion x2  
  108  12:01  SCV x2  
  113  12:02  SCV x2  
  113  12:04  Marine x2  
  113  12:05  Marauder  
  113  12:07  Refinery  
  120  12:13  SCV  
  120  12:14  SCV x2  
  123  12:22  Marine  
  124  12:33  Supply Depot  
  124  12:34  Supply Depot  
  124  12:35  Supply Depot  
  124  12:37  Supply Depot  
  124  12:48  Hellion x2  
  124  12:49  Marine x2  
  124  12:50  Viking  
  124  12:51  Viking, Marauder  
  124  12:58  Refinery  
  110  13:05  Refinery  
  100  13:07  Marine x2  
  100  13:12  Marine  
  103  13:20  Viking  
  103  13:21  SCV  
  103  13:22  SCV x3  
  103  13:25  Marine x2  
  111  13:27  Factory Tech Lab  
  111  13:28  Factory Tech Lab  
  111  13:30  Terran Vehicle Weapons Level 1, Marine, Terran Vehicle And Ship Armor Level 1  
  111  13:34  SCV x2  
  114  13:43  Marine x2  
  114  13:46  SCV  
  114  13:48  Marine  
  118  13:58  SCV  
  118  14:01  Marine x2  
  121  14:06  Marine  
  121  14:07  Siege Tank x2  
  128  14:10  SCV  
  128  14:13  Widow Mine  
  128  14:14  Widow Mine  
  133  14:18  Marine x2  
  133  14:24  Marine  
  136  14:25  Medivac  
  138  14:35  Widow Mine x2  
  138  14:36  Marine x2  
  144  14:39  Siege Tank  
  144  14:40  Siege Tank  
  144  14:41  Marine  
  144  14:45  Liberator  
  154  14:54  Marine x2  
  154  14:55  Supply Depot  
  154  14:57  Supply Depot  
  154  14:58  Supply Depot x2  
  156  15:00  Supply Depot x2  
  156  15:12  Widow Mine, Marine  
  156  15:13  Widow Mine, Liberator, Siege Tank, Marauder  
  155  15:15  Siege Tank  
  128  15:25  Marine  
  126  15:30  Terran Vehicle Weapons Level 2, Marine  
  126  15:31  Terran Vehicle And Ship Armor Level 2  
  126  15:33  Widow Mine  
  126  15:34  Widow Mine, Marauder  
  133  15:42  Marine  
  133  15:45  Siege Tank  
  133  15:47  Siege Tank  
  133  15:48  Marine  
  141  15:55  Marauder  
  143  16:00  Marine  
  132  16:09  Marine  
  130  16:17  Siege Tank, Marauder  
  130  16:18  Marine  
  135  16:19  Cyclone  
  139  16:27  Marine  
  139  16:28  Hellion x2  
  144  16:36  Marine  
  144  16:38  Marine  
  146  16:44  Marine  
  147  16:49  Cyclone, Widow Mine, Hellion  
  147  16:52  Widow Mine  
  147  16:54  Marine  
  156  16:55  Marine  
  151  17:02  Marine  
  139  17:11  Marine  
  139  17:13  Siege Tank, Marine  
  144  17:19  SCV x4  
  144  17:20  Marine  
  144  17:21  Siege Tank  
  144  17:22  Hellion x2  
  156  17:29  Marine  
  154  17:31  SCV, Marine  
  156  17:38  Marine  
  156  17:44  Hellion x2  
  159  17:45  Hellion  
  159  17:47  Marine  
  159  17:49  Marine  
Tags
 
Add a new tag
Caveats
  • Supply blocks, unpowered buildings, or Contaminate may cause inaccurate times.
  • Supply counts are checked every 10 seconds.